AoeStats
← _LY_抖音肥龙

Nomad

507274560Analyzed
4v4 RM · 14d ago on Sep 17, 2026· 27m 55s· 8 players
Game mode
Random Map
Map size
231×231
Population
200
Speed
Normal
Resources
Standard
Victory
Conquest
Starting age
Dark Age
Ending age
Imperial Age
RankedLock teamsTeams togetherTeam positionsShared explorationLock speedFull tech treeHidden civsTurbo modeCheats
Victory
Defeat
🇨🇳 Gurjaras · China
1853
+15
🇦🇷 Vikings · Argentina
1727
+20
🇨🇳 Celts · China
1715
+21
🇨🇳 Wu · China
1697
+22
🇹🇷 Burgundians · Türkiye
1919
-23
🇨🇳 Burmese · China
1864
-21
🇭🇰 Japanese · Hong Kong SAR China
1835
-20
🇧🇷 Spanish · Brazil
1700
-14
_LY_抖音肥龙
14:46 Feudal Age
15:37 Double-Bit Axe
18:26 Castle Age
18:02 Forging
17:45 Gold Mining
19:25 Bow Saw
18:45 Demolition Ship
19:37 Medium Warships
19:21 Loom
21:07 Fishing Lines
22:32 Wheelbarrow
25:04 Hand Cart
26:39 Horse Collar
coxinha_iodo
4:07 Loom
12:08 Feudal Age
17:14 Castle Age
17:18 Town Watch
Honda
11:14 Loom
12:10 Double-Bit Axe
13:55 Feudal Age
17:41 Castle Age
16:25 Bow Saw
16:14 Horse Collar
17:54 Scale Barding Armor
27:43 Heavy Plow
爱人跟人走
4:46 Loom
13:56 Feudal Age
14:37 Town Watch
17:23 Fletching
20:44 Castle Age
19:44 Stone Mining
20:25 Fishing Lines
22:04 Bodkin Arrow
23:28 Gillnets
28:16 Guard Tower
Starsky
5:03 Loom
14:08 Feudal Age
15:07 Double-Bit Axe
15:16 Gold Mining
17:58 Castle Age
16:11 Scale Barding Armor
17:53 Bloodlines
18:03 Light Cavalry
18:56 Medium Warships
19:13 Bow Saw
21:48 Horse Collar
26:12 Wheelbarrow
25:59 Town Watch
27:32 Hand Cart
27:24 Heavy Plow
1258tian
6:03 Loom
13:22 Feudal Age
14:43 Town Watch
14:47 Double-Bit Axe
20:07 Forging
22:49 Castle Age
23:10 Gold Mining
23:46 Medium Warships
24:39 Iron Casting
冥想控
6:53 Loom
13:37 Feudal Age
14:28 Town Watch
17:30 Castle Age
15:56 Double-Bit Axe
16:48 Gold Mining
23:22 Fletching
qeozouwajqnl
9:40 Loom
11:58 Feudal Age
14:28 Town Watch
16:22 Fletching
18:34 Town Watch
23:38 Castle Age
22:24 Gold Mining
23:44 Crossbowman
24:19 Bodkin Arrow
25:24 Double-Bit Axe
Connection lost

Rejoining the realm…

Still unreachable

The connection could not be restored.

Session expired

The server has moved on; the page needs a fresh start.